 Dungeon Crawl Stone Soup version 0.27.0-1-g7a089689b8 (webtiles) character file.

Game seed: 12047977712615722065

23 ZARRMARR the Chopper (level 2, -1/27 HPs)
             Began as a Hill Orc Monk on Aug 1, 2021.
             Succumbed to an adder's poison
             ... on level 2 of the Dungeon.
             The game lasted 00:04:18 (1060 turns).

ZARRMARR the Chopper (Hill Orc Monk)                Turns: 1060, Time: 00:04:19

Health: -1/27      AC:  2    Str: 15    XL:     2   Next: 95%
Magic:  2/2        EV: 12    Int: 10    God:
Gold:   37         SH:  0    Dex: 13    Spells: 1/1 levels left

rFire    . . .     SeeInvis .   a - +0 hand axe
rCold    . . .     Faith    .   (no shield)
rNeg     . . .     Spirit   .   b - +0 robe
rPois    .         Reflect  .   (no helmet)
rElec    .         Harm     .   (no cloak)
rCorr    .         Rampage  .   (no gloves)
Will     .....                  (no boots)
Stlth    ++........             (no amulet)
HPRegen  0.09/turn              (no ring)
MPRegen  0.08/turn              (no ring)

@: lethally poisoned (-1 -> -11)
A: strong 1, inability to read while threatened
a: no special abilities


You were on level 2 of the Dungeon.
You visited 1 branch of the dungeon, and saw 2 of its levels.

You collected 37 gold pieces.

Inventory:

Hand Weapons
 a - a +0 hand axe (weapon)
Missiles
 d - 6 poisoned darts (quivered)
 i - 33 stones
Armour
 b - a +0 robe (worn)
Scrolls
 c - a scroll of fog
 e - a scroll of amnesia
 g - a scroll of teleportation


   Skills:
 + Level 3.9 Fighting
 + Level 4.6 Axes
 + Level 0.2 Throwing
 + Level 2.6 Dodging
 + Level 1.7 Stealth


You had one spell level left.
You didn't know any spells.
Your spell library contained the following spells:

 Spells                   Type           Power      Damage    Failure   Level
 Frozen Ramparts          Ice            0%         1d2       75%         3
 Stone Arrow              Conj/Erth      0%         3d7       75%         3
 Ice Form                 Ice/Tmut       0%         N/A       98%         4
 Summon Ice Beast         Ice/Summ       0%         N/A       98%         4
 Bolt of Magma            Conj/Fire/Erth 0%         4d4       100%        5
 Shatter                  Erth           0%         3d5*      100%        9


Dungeon Overview and Level Annotations

Branches:
Dungeon (2/15)

Altars:


Innate Abilities, Weirdness & Mutations

Your muscles are strong. (Str +2)
You sometimes lose the ability to read scrolls when taking damage.


Message History

You hit the adder but do no damage.
The adder is severely wounded.
You feel sick. The adder bites you.
Unknown command.
Cleave: a) +0 hand axe
Press: ? - help, Dir - move target, f/p - adder
Aim: an adder (severely wounded, about 56% to evade your +0 hand axe)
You closely miss the adder.
The adder is severely wounded.
You feel sick. The adder bites you.
You are more poisoned.
The adder poisons you!
Cleave: a) +0 hand axe
Press: ? - help, Dir - move target, f/p - adder
Aim: an adder (severely wounded, about 56% to evade your +0 hand axe)
You hit the adder but do no damage.
The adder is severely wounded.
* * * LOW HITPOINT WARNING * * *
You feel sick. The adder bites you.
* * * LOW HITPOINT WARNING * * *
You are more poisoned.
The adder poisons you! The adder misses you.
It was a potion of mutation.
You feel extremely strange.
You feel stronger.
You lose the ability to read scrolls when threatened.
* * * LOW HITPOINT WARNING * * *
You feel very sick. The adder bites you.
You feel threatened and lose the ability to read scrolls!
* * * LOW HITPOINT WARNING * * *
Unknown command.
Unknown command.
Unknown command.
Cleave: a) +0 hand axe
Press: ? - help, Dir - move target, f/p - adder
Aim: an adder (severely wounded, about 56% to evade your +0 hand axe)
You hit the adder.
The adder is severely wounded.
You can read scrolls again.
You die...

#####. #...... .......
##....... ###
##........
#...#########.@.......
#....<.........S......
##########)...........
#.......(....
#........((..
#............
#......###..#
#...##..##..# #.#.#
#.##..#


You could see an adder.

Vanquished Creatures
  4 giant cockroaches (D:1)
  A hobgoblin (D:1)
  2 jackals (D:1)
  5 quokkas (D:1)
  A bat (D:1)
  3 kobolds
  3 rats (D:1)
19 creatures vanquished.

Notes
Turn   | Place    | Note
-------+----------+-------------------------------------------
     0 | D:1      | ZARRMARR the Hill Orc Monk began the quest for the Orb.
     0 | D:1      | Reached XP level 1. HP: 19/19 MP: 1/1
   385 | D:1      | Reached XP level 2. HP: 27/27 MP: 2/2
   549 | D:1      | You fall into a shaft and drop 1 floor!
  1059 | D:2      | Gained mutation: Your muscles are strong. (Str +2) [potion
                  | of mutation]
  1059 | D:2      | Gained mutation: You sometimes lose the ability to read
                  | scrolls when taking damage. [potion of mutation]
  1059 | D:2      | HP: 1/27 [adder (2)]
  1060 | D:2      | Succumbed to an adder's poison

Illustrated notes

Levels and vault maps discovered:
D:1:      minmay_arrival_cross, layout_basic
D:2:      layout_rooms

Action                   || total
-------------------------++-------
Melee: Hand axe          ||    53
Throw: Dart              ||    30
  Use: Scroll            ||     3
       Potion            ||     1
 Stab: Sleeping          ||     3
Armor: Robe              ||     9
Dodge: Dodged            ||    27
